AoeStats
← Bamm Bash

Nomad

508893868Analyzed
3v3 RM · 7d ago on Sep 24, 2026· 58m 56s· 6 players
Game mode
Random Map
Map size
210×210
Population
200
Speed
Normal
Resources
Standard
Victory
Conquest
Starting age
Dark Age
Ending age
Imperial Age
RankedLock teamsTeams togetherTeam positionsShared explorationLock speedFull tech treeHidden civsTurbo modeCheats
Victory
Defeat
🇪🇨 Georgians · Ecuador
1079
+17
🇩🇪 Japanese · Germany
1052
+18
🇩🇪 Varangians · Germany
1032
+18
🇰🇷 Berbers · South Korea
1103
-18
🇰🇷 Vietnamese · South Korea
1088
-18
🇰🇷 Persians · South Korea
1082
-17
Sophie_J
5:03 Loom
15:39 Feudal Age
22:35 Castle Age
21:28 Bloodlines
22:50 Scale Barding Armor
22:56 Forging
22:52 Double-Bit Axe
22:50 Pikeman
24:27 Wheelbarrow
25:00 Town Watch
35:55 Chain Barding Armor
37:03 Hand Cart
37:01 Bow Saw
36:49 Gold Mining
37:53 Murder Holes
38:00 Scale Mail Armor
45:54 Imperial Age
44:37 Masonry
45:04 Iron Casting
44:44 Chain Mail Armor
45:39 Husbandry
45:00 Light Cavalry
46:31 Thumb Ring
45:48 Cavalier
46:32 Stone Mining
47:18 Gold Shaft Mining
48:53 Architecture
48:52 Guilds
48:47 Crossbowman
52:01 Town Patrol
52:46 Savar
54:45 Halberdier
57:24 Conscription
57:40 Hoardings
Mr.Godo
14:12 Feudal Age
18:52 Castle Age
17:13 Double-Bit Axe
17:53 Horse Collar
18:54 Scale Barding Armor
20:35 Bloodlines
21:02 Bow Saw
22:20 Loom
25:00 Wheelbarrow
35:40 Fishing Lines
36:54 Gillnets
42:21 Gold Mining
42:27 Stone Mining
42:23 Light Cavalry
43:29 Husbandry
48:22 Forging
51:12 Imperial Age
Alpenhime
5:43 Loom
13:23 Feudal Age
15:54 Stone Mining
18:33 Castle Age
18:13 Man-at-Arms
19:09 Double-Bit Axe
19:34 Fletching
21:46 Gold Mining
22:02 Horse Collar
22:57 Padded Archer Armor
22:57 Crossbowman
27:11 Bow Saw
29:48 Bodkin Arrow
29:59 Heavy Plow
32:27 Bodkin Arrow
34:10 Pikeman
35:05 Scale Mail Armor
36:07 Ballistics
38:17 Leather Archer Armor
38:14 Forging
42:10 Fortified Wall
46:22 Imperial Age
45:06 Wheelbarrow
44:16 Town Watch
45:33 Chain Mail Armor
45:57 Long Swordsman
47:14 Iron Casting
46:49 Thumb Ring
46:32 Arbalester
47:32 Chatras
47:13 Elite Skirmisher
48:17 Elite Rattan Archer
49:45 Crop Rotation
51:59 Imperial Skirmisher
52:19 Two-Handed Swordsman
54:58 Two-Man Saw
54:40 Bracer
55:54 Chemistry
57:05 Stone Shaft Mining
Bamm Bash
10:00 Loom
13:45 Feudal Age
17:58 Castle Age
32:20 Scale Barding Armor
41:23 Forging
43:49 Wheelbarrow
47:22 Imperial Age
50:34 Iron Casting
51:58 Chain Barding Armor
58:05 Blast Furnace
60:07 Plate Barding Armor
leonardodavinx
12:11 Loom
14:42 Feudal Age
15:28 Double-Bit Axe
18:30 Gold Mining
21:01 Castle Age
19:11 Fishing Lines
22:44 Stone Mining
23:33 Gold Shaft Mining
23:12 Bow Saw
24:57 Forging
24:49 Scale Mail Armor
25:38 Horse Collar
27:10 Arson
31:10 Wheelbarrow
32:26 Chain Mail Armor
33:48 Elite Skirmisher
34:55 Padded Archer Armor
34:46 Fletching
36:34 Gillnets
37:33 Heavy Plow
39:27 Ballistics
41:42 Imperial Age
41:49 Iron Casting
41:10 Bodkin Arrow
41:38 Treadmill Crane
42:22 Hand Cart
42:55 Elite Samurai
43:56 Conscription
45:12 Two-Man Saw
44:47 Kataparuto
45:33 Chemistry
46:51 Plate Mail Armor
48:34 Squires
55:18 Blast Furnace
54:18 Bracer
54:34 Leather Archer Armor
58:25 Capped Ram
SIR LOOR FAAL
13:15 Feudal Age
18:03 Castle Age
26:47 Forging
31:21 Iron Casting
31:33 Double-Bit Axe
35:47 Scale Barding Armor
42:38 Imperial Age
41:10 Husbandry
42:50 Bloodlines
44:41 Chemistry
50:58 Fortified Wall
55:33 Light Cavalry
58:31 Blast Furnace
57:42 Hussar
Connection lost

Rejoining the realm…

Still unreachable

The connection could not be restored.

Session expired

The server has moved on; the page needs a fresh start.